Map: King's Cove LE

Players

Reynor

  • Race: Zerg Zerg
  • League: Master
  • Spawn Location: 11:00

Harstem - Winner!

  • Race: Protoss Protoss
  • League: Grandmaster
  • Spawn Location: 5:00

Event: HomeStory Cup XIX

VOD

Have the link to the VOD?

Description

Time

  • Played on: June 27, 2019, 9:30 a.m.
  • Length: 7:55

All games in this series

Show
View Real Time Build Order
Export as new Build Order

Reynor Zerg 

Build Orders: Hatch First 

Get SALT Encoding   

  12  0:00  Drone  
  13  0:12  Overlord  
  13  0:18  Drone  
  14  0:30  Drone x2  
  16  0:49  Hatchery  
  15  0:52  Drone  
  15  0:56  Drone  
  17  1:00  Drone  
  18  1:10  Extractor  
  17  1:16  Spawning Pool  
  16  1:18  Drone  
  16  1:22  Drone  
  18  1:28  Drone  
  19  1:39  Drone  
  20  1:50  Drone  
  21  2:00  Overlord  
  21  2:01  Drone  
  21  2:03  Queen x2  
  26  2:11  Drone  
  26  2:12  Drone  
  28  2:21  Drone  
  29  2:23  Drone  
  30  2:33  Hatchery  
  30  2:34  Drone  
  30  2:35  Drone  
  31  2:47  Overlord  
  31  2:52  Zergling x2  
  31  2:54  Zergling x2  
  31  2:56  Queen  
  31  2:58  Drone  
  36  3:06  Drone x2  
  36  3:11  Drone x2, Overlord  
  40  3:17  Drone x2  
  42  3:22  Lair  
  42  3:27  Drone x2  
  42  3:29  Roach Warren  
  42  3:30  Extractor  
  42  3:32  Extractor  
  41  3:38  Drone, Overlord  
  42  3:42  Drone x3  
  42  3:46  Drone  
  42  3:47  Drone x2  
  48  3:50  Overlord  
  48  4:02  Drone  
  49  4:03  Overlord  
  49  4:11  Roach x5  
  49  4:13  Roach  
  49  4:14  Roach  
  49  4:16  Drone  
  64  4:21  Overseer  
  64  4:24  Drone x4  
  64  4:30  Overlord  
  68  4:32  Roach  
  68  4:33  Roach  
  72  4:39  Overlord  
  72  4:42  Roach  
  72  4:43  Glial Reconstitution  
  74  4:46  Overlord  
  74  4:49  Drone x2  
  75  4:55  Roach x3  
  81  5:00  Overlord  
  81  5:01  Drone x2  
  81  5:05  Queen  
  83  5:14  Drone x3  
  83  5:17  Evolution Chamber  
  83  5:20  Drone x2  
  84  5:24  Drone x3  
  84  5:25  Drone  
  84  5:28  Overlord  
  88  5:29  Drone  
  88  5:31  Drone  
  88  5:33  Drone  
  91  5:37  Drone x2  
  91  5:40  Overlord  
  91  5:42  Drone x3  
  96  5:49  Queen  
  98  5:52  Drone  
  98  5:53  Drone x4  
  98  5:54  Zerg Missile Weapons Level 1  
  98  5:55  Drone  
  101  5:57  Overlord  
  101  6:01  Roach  
  103  6:05  Extractor  
  103  6:06  Extractor  
  101  6:11  Overlord  
  101  6:16  Drone x4  
  105  6:19  Hatchery  
  105  6:21  Extractor  
  105  6:24  Drone  
  105  6:25  Roach, Spore Crawler  
  103  6:26  Roach x3  
  103  6:28  Drone  
  103  6:31  Queen  
  112  6:35  Overlord  
  112  6:37  Drone  
  112  6:38  Drone  
  114  6:41  Overlord  
  114  6:42  Queen x2  
  118  6:47  Overlord  
  118  6:55  Drone x4  
  118  6:57  Roach x2  
  118  6:58  Hydralisk Den  
  118  6:59  Roach x2  
  128  7:03  Roach x2  
  128  7:06  Roach x2  
  128  7:07  Pneumatized Carapace  
  136  7:11  Roach x3  
  136  7:13  Ravager x2  
  136  7:14  Ravager  
  136  7:15  Ravager  
  146  7:16  Roach x2  
  146  7:20  Roach  
  152  7:27  Roach  
  152  7:28  Roach x2  
  154  7:35  Overseer, Roach  
  129  7:39  Ravager x3  
Show
View Real Time Build Order
Export as new Build Order

Harstem Protoss - Winner!

Build Orders: 1 Gate Expand, Zealot Archon, Archon Drop, Dark Templar Rush 

Get SALT Encoding   

  12  0:01  Probe  
  13  0:13  Probe  
  14  0:19  Pylon  
  14  0:25  Probe  
  15  0:31  Assimilator  
  15  0:33  Probe  
  15  0:41  Probe  
  17  0:50  Gateway  
  17  0:52  Probe  
  18  1:04  Probe  
  19  1:16  Probe  
  20  1:24  Nexus  
  20  1:37  Cybernetics Core  
  20  1:38  Probe  
  21  1:42  Assimilator  
  21  1:50  Probe  
  21  1:53  Pylon  
  22  2:03  Stalker, Probe  
  23  2:13  Warp Gate  
  23  2:15  Probe  
  26  2:20  Twilight Council  
  26  2:27  Probe  
  27  2:33  Probe  
  27  2:35  Probe  
  30  2:41  Probe  
  30  2:43  Probe  
  31  2:46  Robotics Facility  
  31  2:51  Probe  
  31  2:54  Probe  
  33  3:02  Dark Shrine  
  33  3:03  Probe  
  34  3:07  Probe, Adept  
  37  3:17  Gateway  
  39  3:20  Probe  
  39  3:26  Gateway  
  39  3:27  Warp Prism  
  38  3:29  Gateway  
  38  3:40  Probe  
  41  3:42  Probe  
  41  3:47  Assimilator  
  42  3:50  Assimilator  
  42  3:52  Probe  
  42  3:54  Probe  
  44  3:56  Pylon  
  44  4:03  Pylon  
  44  4:08  Probe x2  
  46  4:20  Probe x2  
  48  4:27  Dark Templar x3  
  48  4:29  Dark Templar  
  56  4:32  Probe  
  56  4:33  Archon x2, Pylon  
  56  4:35  Probe  
  58  4:40  Observer  
  58  4:44  Probe  
  60  4:47  Probe  
  61  4:54  Nexus  
  61  4:57  Immortal  
  65  5:13  Probe  
  66  5:17  Forge, Sentry x2, Pylon  
  66  5:19  Pylon  
  70  5:27  Immortal  
  70  5:32  Gateway  
  70  5:40  Sentry, Protoss Ground Weapons Level 1  
  70  5:41  Zealot  
  78  5:45  Gateway  
  78  5:47  Charge  
  78  5:56  Immortal  
  78  6:00  Gateway  
  78  6:04  Sentry, Gateway  
  84  6:14  Probe, Sentry  
  84  6:15  Probe x2  
  89  6:26  Probe  
  89  6:27  Probe, Zealot  
  89  6:28  Zealot x2  
  97  6:35  Probe  
  97  6:36  Pylon  
  97  6:37  Pylon  
  98  6:40  Probe  
  98  6:46  Dark Templar  
  101  6:54  Probe x3, Pylon  
  101  6:55  Pylon  
  105  7:11  Dark Templar  
  105  7:12  Dark Templar x3  
  105  7:14  Zealot x3  
  118  7:16  Archon  
  118  7:18  Archon  
  118  7:21  Probe  
  118  7:22  Probe  
  120  7:24  Pylon  
  118  7:35  Zealot x2  
  118  7:36  Zealot x2  
  109  7:44  Dark Templar  
Tags
 
Add a new tag
Caveats
  • Supply blocks, unpowered buildings, or Contaminate may cause inaccurate times.
  • Supply counts are checked every 10 seconds.